 Dungeon Crawl Stone Soup version 0.28.0 (webtiles) character file.

Game seed: 15084224841058285335

96 pkoi the Skirmisher (level 4, -7/41 HPs)
             Began as a Minotaur Fighter on Feb 7, 2022.
             Mangled by an ogre (13 damage)
             ... on level 3 of the Dungeon.
             The game lasted 00:02:09 (2657 turns).

pkoi the Skirmisher (Minotaur Fighter)              Turns: 2657, Time: 00:02:09

Health: -7/41      AC:  9    Str: 23    XL:     4   Next: 41%
Magic:  3/3        EV:  7    Int:  5    God:
Gold:   55         SH:  4    Dex:  9    Spells: 3/3 levels left

rFire   . . .      SeeInvis .   a - +0 flail
rCold   . . .      Faith    .   c - +0 buckler
rNeg    . . .      Spirit   .   j - +0 chain mail
rPois   .          Reflect  .   (helmet restricted)
rElec   .          Harm     .   (no cloak)
rCorr   .          Rampage  .   (no gloves)
Will    .....                   (no boots)
Stlth   ..........              (no amulet)
HPRegen 0.13/turn               (no ring)
MPRegen 0.08/turn               (no ring)

@: flying, hasted, very quick
A: horns 2, retaliatory headbutt
a: no special abilities


You were on level 3 of the Dungeon.
You visited 1 branch of the dungeon, and saw 3 of its levels.

You collected 55 gold pieces.

Inventory:

Hand Weapons
 a - a +0 flail (weapon)
Missiles
 f - 3 boomerangs of dispersal (quivered)
 l - 3 poisoned darts
Armour
 c - a +0 buckler (worn)
 j - a +0 chain mail (worn)
Scrolls
 b - a scroll of amnesia {unknown}
 i - a scroll of identify {unknown}
Potions
 d - a potion of might
 h - a potion of resistance {unknown}
 k - a potion of curing {unknown}
 m - a potion of brilliance {unknown}
 n - a potion of heal wounds {unknown}


   Skills:
 + Level 4.3 Fighting
 * Level 4.2 Maces & Flails
 + Level 4.3 Armour
 - Level 4.0 Shields


You had 3 spell levels left.
You didn't know any spells.
Your spell library contained the following spells:

 Spells                   Type           Power      Damage    Failure   Level
 Ensorcelled Hibernation  Hex/Ice        0%         N/A       100%        2
 Spider Form              Tmut/Pois      0%         N/A       100%        3
 Anguish                  Hex/Necr       0%         N/A       100%        4


Dungeon Overview and Level Annotations

Branches:
Dungeon (3/15)

Altars:
Hepliaklqana

Shops:
D:1 *

Annotations:
D:2 Sigmund


Innate Abilities, Weirdness & Mutations

You have a pair of horns on your head.
You reflexively headbutt those who attack you in melee.


Message History

There is an open door here.
n - a silvery potion You open the door.
An ogre comes into view. It is wielding a +0 giant club.
The ogre shouts!
You hear an angry hiss.
An ogre is nearby!
An ogre is nearby!
You close the door.
It was a potion of flight.
You feel very buoyant.
You fly up into the air.
It was a potion of haste.
You feel yourself speed up.
An ogre opens the door.
A frilled lizard comes into view.
The frilled lizard hisses angrily.
Found a murky dark potion.
The ogre hits you with a +0 giant club!!
Ouch! That really hurt!
* * * LOW HITPOINT WARNING * * *
There is an open door, spattered with blood here.
You closely miss the ogre.
You headbutt the ogre, but do no damage.
The ogre completely misses you.
You hit the ogre.
The ogre is lightly wounded.
Unknown command.
You sock the ogre! You headbutt the ogre.
The ogre is severely wounded.
You block the ogre's attack.
You hit the ogre.
The ogre is almost dead.
The frilled lizard bites you but does no damage.
The ogre hits you with a +0 giant club!
* * * LOW HITPOINT WARNING * * *
You barely miss the ogre.
The ogre is almost dead.
The frilled lizard bites you but does no damage.
You hit the ogre but do no damage.
The ogre is almost dead.
The ogre hits you with a +0 giant club!
You die...

#......# # .......
#....... # .......
+.....# # .......
#.....#######
.......#####............
.......#................
.......#................
!......#.......#########
......O@.......# #
......l#.......# #######
.......#.......# #......
.......#.......# #......
.......#.......# #......
.......#.......# #......
.......#.†.....# #......
.......##....### #......
#+######....#####......


You could see an ogre and a frilled lizard.

Vanquished Creatures
  Terence (D:2)
  3 adders
  2 dart slugs (D:1)
  4 endoplasms
  A giant cockroach (D:2)
  3 goblins (D:1)
  5 hobgoblins
  5 quokkas
  A ball python (D:2)
  6 bats
  3 frilled lizards
  3 kobolds (D:1)
  5 rats
42 creatures vanquished.

Notes
Turn   | Place    | Note
-------+----------+-------------------------------------------
     0 | D:1      | pkoi the Minotaur Fighter began the quest for the Orb.
     0 | D:1      | Reached XP level 1. HP: 19/19 MP: 0/0
   439 | D:1      | Reached XP level 2. HP: 27/27 MP: 1/1
   662 | D:1      | Found Metyzalo's Assorted Antiques.
  1179 | D:1      | Reached XP level 3. HP: 30/33 MP: 2/2
  1466 | D:2      | Noticed Terence
  1477 | D:2      | Killed Terence
  1653 | D:2      | Found a faded altar of an unknown god.
  1727 | D:2      | Reached XP level 4. HP: 33/40 MP: 3/3
  1811 | D:2      | Noticed Sigmund
  2246 | D:3      | Found a hazy altar of Hepliaklqana.
  2646 | D:3      | Noticed an ogre
  2657 | D:3      | Mangled by an ogre

Illustrated notes

Levels and vault maps discovered:
D:1:      lemuel_arrival_tunnels, layout_loops_corners, serial_shops, shop
D:2:      layout_rooms, hellmonk_ecumenical_altar_heavens_door, uniq_sigmund,
          uniq_terence
D:3:      layout_basic, lemuel_round_altar, minmay_misc_feat_chi

Skill      XL: |  1  2  3 |
---------------+----------+-----
Maces & Flails | 3 4 |  4.2
Shields        | 4 |  4.0
Fighting       | 4 |  4.3
Armour         | 4 |  4.3

Action                   |  1- 3 |  4- 6 || total
-------------------------+-------+-------++-------
Melee: Flail             |    90 |    33 ||   123
       Headbutt          |     9 |     4 ||    13
  Use: Scroll            |     1 |       ||     1
       Potion            |       |     2 ||     2
Armor: Scale mail        |    26 |       ||    26
       Chain mail        |    21 |    46 ||    67
Dodge: Dodged            |    36 |    17 ||    53
Block: Buckler           |    25 |    14 ||    39
